[Event "GER-ch Rapid Women 2017"]
[Site "Erfurt"]
[Date "2017.07.29"]
[Round "3"]
[White "Fuchs, Judith"]
[Black "Muetsch, Annmarie"]
[Result "1-0"]
[ECO "B30"]
[WhiteElo "2285"]
[BlackElo "2049"]
[Annotator "NA"]
[PlyCount "107"]
[EventDate "2017.??.??"]
[EventType "swiss"]
[EventCountry "GER"]
[SourceTitle "playchess.com"]
[Source "ChessBase"]
[SourceQuality "1"]
[TimeControl "1200"]

1. e4 c5 2. Nf3 Nc6 3. Nc3 e5 4. Bb5 d6 5. Bxc6+ bxc6 6. O-O g6 7. d3 Bg7 8. h3 Ne7 9. Nh2 O-O 10. f4 f5 11. Qe1 exf4 12. Bxf4 d5 13. e5 Be6 14. Nf3 h6 15. h4 Nc8 16. Na4 Qe7 17. Qa5 Rb8 18. Qxc5 Rb4 19. Qxe7 Nxe7 20. Nc5 Bc8 21. Bc1 d4 22. a4 Rd8 23. Nb3 Rd5 24. Bd2 Rb7 25. Nbxd4 Rxb2 26. Bc3 Rb7 27. Rfe1 c5 28. Nb5 Be6 29. Rab1 Nc6 30. Na3 Rxb1 31. Nxb1 c4 32. d4 f4 33. Nbd2 Rd8 34. Rb1 Bd5 35. Rb5 Bf8 36. Kf2 Be7 37. Rb1 g5 38. hxg5 hxg5 39. Nh2 Be6 40. Rb7 Kf7 41. g3 Nxd4 42. gxf4 gxf4 43. Nhf3 Nxf3 44. Nxf3 Ke8 45. Ke2 Bc5 46. Rh7 Bf5 47. Rg7 Bxc2 48. Ng5 Bd1+ 49. Ke1 f3 50. Rg8+ Ke7 51. Rxd8 f2+ 52. Kf1 Kxd8 53. Ne6+ Ke7 54. Nxc5 1-0

[Event "GER-ch Rapid Women 2017"]
[Site "Erfurt"]
[Date "2017.07.29"]
[Round "3"]
[White "Osmanodja, Filiz"]
[Black "Rath, Alina"]
[Result "1/2-1/2"]
[ECO "B63"]
[WhiteElo "2273"]
[BlackElo "2035"]
[Annotator "NA"]
[PlyCount "56"]
[EventDate "2017.??.??"]
[EventType "swiss"]
[EventCountry "GER"]
[SourceTitle "playchess.com"]
[Source "ChessBase"]
[SourceQuality "1"]
[TimeControl "1200"]

1. e4 c5 2. Nc3 Nc6 3. Nf3 d6 4. d4 cxd4 5. Nxd4 Nf6 6. Bg5 e6 7. Qd2 Be7 8. O-O-O O-O 9. Nb3 a6 10. Bxf6 gxf6 11. f4 Kh8 12. g3 Qc7 13. Bh3 Rg8 14. f5 b5 15. Ne2 Ne5 16. Nf4 Nc4 17. Qe2 e5 18. Nd5 Qd8 19. Qh5 Rg7 20. Nd2 Nb6 21. Nf1 Nxd5 22. Rxd5 Bb7 23. Ne3 Rc8 24. Kb1 Qc7 25. Qe2 Rgg8 26. Rhd1 Bf8 27. Bg2 Be7 28. R5d3 Qc5 1/2-1/2

[Event "GER-ch Rapid Women 2017"]
[Site "Erfurt"]
[Date "2017.07.29"]
[Round "3"]
[White "Rogozenco, Teodora"]
[Black "Mader, Manuela"]
[Result "0-1"]
[ECO "E63"]
[WhiteElo "2169"]
[BlackElo "2203"]
[Annotator "NA"]
[PlyCount "68"]
[EventDate "2017.??.??"]
[EventType "swiss"]
[EventCountry "GER"]
[SourceTitle "playchess.com"]
[Source "ChessBase"]
[SourceQuality "1"]
[TimeControl "1200"]

1. d4 Nf6 2. c4 g6 3. Nc3 Bg7 4. g3 O-O 5. Bg2 d6 6. Nf3 a6 7. O-O Nc6 8. Qd3 Bd7 9. d5 Nb4 10. Qd1 a5 11. a3 Na6 12. Nd4 Nc5 13. b3 Qc8 14. Re1 Bh3 15. Bh1 Nfd7 16. Rb1 Nb6 17. e4 a4 18. b4 Ncd7 19. Bg5 Re8 20. Ncb5 c6 21. c5 cxb5 22. cxb6 Nxb6 23. Rc1 Qd7 24. Qd3 h6 25. Bf4 Nc4 26. Nxb5 Qxb5 27. Rxc4 Rac8 28. Rxc8 Qxd3 29. Rxe8+ Kh7 30. Rxe7 Bc3 31. Rc1 Bb2 32. Re1 Qc3 33. Re2 Bxa3 34. Bg2 Qa1+ 0-1

[Event "GER-ch Rapid Women 2017"]
[Site "Erfurt"]
[Date "2017.07.29"]
[Round "3"]
[White "Hess, Olena"]
[Black "Zimmer, Elke"]
[Result "1-0"]
[ECO "E91"]
[WhiteElo "2094"]
[BlackElo "1950"]
[Annotator "NA"]
[PlyCount "87"]
[EventDate "2017.??.??"]
[EventType "swiss"]
[EventCountry "GER"]
[SourceTitle "playchess.com"]
[Source "ChessBase"]
[SourceQuality "1"]
[TimeControl "1200"]

1. Nf3 Nf6 2. c4 g6 3. Nc3 Bg7 4. e4 d6 5. d4 O-O 6. Be2 c5 7. O-O Nc6 8. d5 Nb8 9. Re1 e6 10. Bf1 e5 11. Rb1 a6 12. a3 Bg4 13. h3 Bd7 14. b4 b6 15. bxc5 bxc5 16. Na4 Bxa4 17. Qxa4 Nbd7 18. Bd2 Re8 19. Ba5 Qc8 20. Qc6 Bf8 21. Bd3 Nh5 22. Rb7 Qxc6 23. dxc6 Nb8 24. c7 Nc6 25. Bb6 a5 26. g3 Ng7 27. Ng5 Rec8 28. Be2 h6 29. Nf3 Ne6 30. Rb1 a4 31. Bd1 Kg7 32. Ne1 Ned4 33. Ng2 g5 34. Ne3 Ne6 35. Nd5 h5 36. Bxh5 Be7 37. Bd1 Bf6 38. Nc3 Ned4 39. Kf1 Ra6 40. Bxa4 Rxb6 41. R1xb6 Ne7 42. Bd7 Ra8 43. a4 Ne6 44. Rb8 1-0

[Event "GER-ch Rapid Women 2017"]
[Site "Erfurt"]
[Date "2017.07.29"]
[Round "3"]
[White "Birkholz, Olga"]
[Black "Yueksel, Anja"]
[Result "1-0"]
[ECO "A48"]
[WhiteElo "2076"]
[BlackElo "1472"]
[Annotator "NA"]
[PlyCount "63"]
[EventDate "2017.??.??"]
[EventType "swiss"]
[EventCountry "GER"]
[SourceTitle "playchess.com"]
[Source "ChessBase"]
[SourceQuality "1"]
[TimeControl "1200"]

1. d4 Nf6 2. Nf3 g6 3. Nc3 d5 4. Bf4 c6 5. h3 Bg7 6. Qd2 O-O 7. O-O-O Nbd7 8. g4 Ne4 9. Nxe4 dxe4 10. Ng5 f5 11. Ne6 Qb6 12. Nxf8 Kxf8 13. gxf5 gxf5 14. Rg1 Bf6 15. Bh6+ Kf7 16. e3 c5 17. Bc4+ e6 18. c3 a6 19. Qe2 Qc7 20. Qh5+ Ke7 21. Bg5 b5 22. Qxh7+ Kd6 23. dxc5+ Kxc5 24. Bxe6 Ra7 25. Bxd7 Bxg5 26. Rxg5 Qh2 27. Qxf5+ Kb6 28. Bxc8 Rc7 29. Rg6+ Ka7 30. Rxa6+ Kb8 31. Qxb5+ Rb7 32. Qxb7# 1-0

[Event "GER-ch Rapid Women 2017"]
[Site "Erfurt"]
[Date "2017.07.29"]
[Round "3"]
[White "Ries, Jutta"]
[Black "Perez Celis, Alba"]
[Result "1-0"]
[ECO "A02"]
[WhiteElo "2051"]
[BlackElo "1790"]
[Annotator "NA"]
[PlyCount "74"]
[EventDate "2017.??.??"]
[EventType "swiss"]
[EventCountry "GER"]
[SourceTitle "playchess.com"]
[Source "ChessBase"]
[SourceQuality "1"]
[TimeControl "1200"]

1. f4 f5 2. Nf3 Nf6 3. b3 g6 4. Bb2 Bg7 5. e3 d5 6. Nc3 O-O 7. Be2 c5 8. Ne5 e6 9. Bf3 Nc6 10. Nxc6 bxc6 11. O-O Ba6 12. Be2 Bxe2 13. Qxe2 Ne4 14. Na4 Bxb2 15. Nxb2 Qa5 16. d3 Nd6 17. Qe1 Qb4 18. a3 Qb5 19. Qc3 Rab8 20. Qe5 Nf7 21. Qf6 c4 22. dxc4 Qb6 23. Rfe1 Rfe8 24. Na4 Qa5 25. cxd5 cxd5 26. Qd4 Nd6 27. Nb2 Ne4 28. b4 Qc7 29. Qd3 Rec8 30. Rac1 Nc3 31. Nd1 Ne4 32. Nf2 Nc3 33. Nh3 a5 34. Ng5 Qd6 35. bxa5 Rc6 36. Qd4 Qxa3 37. Qa7 Qf8 1-0

[Event "GER-ch Rapid Women 2017"]
[Site "Erfurt"]
[Date "2017.07.29"]
[Round "3"]
[White "Zahn, Alina"]
[Black "Mader, Lena"]
[Result "1-0"]
[ECO "B46"]
[WhiteElo "2025"]
[BlackElo "1880"]
[Annotator "NA"]
[PlyCount "93"]
[EventDate "2017.??.??"]
[EventType "swiss"]
[EventCountry "GER"]
[SourceTitle "playchess.com"]
[Source "ChessBase"]
[SourceQuality "1"]
[TimeControl "1200"]

1. e4 c5 2. Nf3 e6 3. d4 cxd4 4. Nxd4 Nc6 5. Nc3 a6 6. Nb3 Qc7 7. Be2 Nf6 8. O-O Be7 9. Be3 O-O 10. Qd2 b5 11. a3 Bb7 12. Rad1 d6 13. Bf4 Ne5 14. f3 Rfd8 15. Qe1 Ng6 16. Be3 d5 17. Qf2 Bd6 18. f4 dxe4 19. Bb6 Qc6 20. Bxd8 Rxd8 21. Nd4 Qb6 22. Nb3 e3 23. Qg3 Ne4 24. Nxe4 Bxe4 25. Nd4 Bc5 26. c3 Bxd4 27. cxd4 Bc2 28. Rc1 Bf5 29. Qxe3 h6 30. Rcd1 Ne7 31. Qf2 Nd5 32. Rc1 Qb7 33. Bf3 Bd3 34. Rfd1 Bc4 35. Be4 Qe7 36. Qf3 Qf6 37. f5 Ne7 38. fxe6 Qxf3 39. Bxf3 fxe6 40. Rc3 Nd5 41. Bxd5 Rxd5 42. b3 Be2 43. Rd2 Bg4 44. Rc8+ Kh7 45. Kf2 Bf5 46. Ke3 Be4 47. Kxe4 1-0

[Event "GER-ch Rapid Women 2017"]
[Site "Erfurt"]
[Date "2017.07.29"]
[Round "3"]
[White "Kinzel, Tiffany"]
[Black "Zschischang, Marine"]
[Result "1-0"]
[ECO "A40"]
[WhiteElo "1755"]
[BlackElo "2057"]
[Annotator "NA"]
[PlyCount "78"]
[EventDate "2017.??.??"]
[EventType "swiss"]
[EventCountry "GER"]
[SourceTitle "playchess.com"]
[Source "ChessBase"]
[SourceQuality "1"]
[TimeControl "1200"]

1. d4 e6 2. e3 d5 3. Bd3 c5 4. c3 Nc6 5. f4 Nf6 6. Nf3 Ne4 7. O-O f5 8. Ne5 g6 9. Nd2 Qb6 10. Kh1 Nxe5 11. fxe5 Bd7 12. a4 h5 13. Rb1 Be7 14. Be2 Rc8 15. Nxe4 dxe4 16. c4 Qc7 17. b3 Bg5 18. g3 Rd8 19. Qc2 Rh7 20. Rd1 Bc8 21. Qc3 Rhd7 22. Ba3 b6 23. b4 cxd4 24. exd4 Bb7 25. c5 e3+ 26. Kg1 a6 27. b5 bxc5 28. dxc5 Rd2 29. Re1 R8d5 30. c6 Ba8 31. b6 Qxc6 32. Qxc6+ Bxc6 33. b7 Bxb7 34. Rxb7 Rxe5 35. Bxa6 Red5 36. Bb5+ Kd8 37. Bb4 Rd1 38. Rb8+ Kc7 39. Ba5+ Kxb8 1-0

[Event "GER-ch Rapid Women 2017"]
[Site "Erfurt"]
[Date "2017.07.29"]
[Round "3"]
[White "Ganser, Ganokorn"]
[Black "Daemering, Katrin"]
[Result "1-0"]
[ECO "A59"]
[WhiteElo "1698"]
[BlackElo "2033"]
[Annotator "NA"]
[PlyCount "126"]
[EventDate "2017.??.??"]
[EventType "swiss"]
[EventCountry "GER"]
[SourceTitle "playchess.com"]
[Source "ChessBase"]
[SourceQuality "1"]
[TimeControl "1200"]

1. d4 Nf6 2. c4 c5 3. d5 b5 4. cxb5 a6 5. bxa6 g6 6. Nc3 Bxa6 7. e4 Bxf1 8. Kxf1 d6 9. g3 Bg7 10. Nf3 O-O 11. Kg2 Na6 12. Nd2 Qd7 13. Re1 Ng4 14. a3 Bd4 15. Rf1 Bxf2 16. Nc4 Bd4 17. Nb6 Qb7 18. Nxa8 Nf6 19. Qe2 Rxa8 20. Nb5 Be5 21. Rb1 Rb8 22. a4 Rc8 23. Bf4 Bxf4 24. Rxf4 Nd7 25. Rff1 Ne5 26. Rfc1 Nb4 27. b3 f5 28. Rd1 Rf8 29. exf5 Rxf5 30. Qe4 Nf7 31. Kg1 Ng5 32. Qg2 Nf3+ 33. Kh1 Nxd5 34. Rd3 Nb4 35. Rxf3 Qxf3 36. Qxf3 Rxf3 37. Kg2 Re3 38. Kf2 Re5 39. a5 Na6 40. Ra1 Kf7 41. Ra4 d5 42. Nc3 d4 43. Nd1 d3 44. Kf3 d2 45. Nb2 Re1 46. Rf4+ Ke8 47. Re4 d1=Q+ 48. Nxd1 Rxd1 49. Re2 Ra1 50. Re4 Rxa5 51. Ra4 Rxa4 52. bxa4 Kd7 53. Ke4 Kd6 54. Kd3 Kd5 55. Kc3 c4 56. a5 e5 57. h4 e4 58. Kc2 Kd4 59. g4 e3 60. Kd1 Kd3 61. Ke1 c3 62. Kf1 c2 63. Kg2 c1=Q 1-0

[Event "GER-ch Rapid Women 2017"]
[Site "Erfurt"]
[Date "2017.07.29"]
[Round "4"]
[White "Mader, Manuela"]
[Black "Osmanodja, Filiz"]
[Result "0-1"]
[ECO "B22"]
[WhiteElo "2203"]
[BlackElo "2273"]
[Annotator "NA"]
[PlyCount "92"]
[EventDate "2017.??.??"]
[EventType "swiss"]
[EventCountry "GER"]
[SourceTitle "playchess.com"]
[Source "ChessBase"]
[SourceQuality "1"]
[TimeControl "1200"]

1. e4 c5 2. c3 Qa5 3. Nf3 Nc6 4. Be2 d6 5. O-O Nf6 6. d3 e5 7. Na3 Be7 8. Nc4 Qc7 9. Ne3 Be6 10. Qc2 d5 11. exd5 Nxd5 12. Rd1 Nf4 13. Bf1 O-O-O 14. a3 Na5 15. Nd2 f5 16. b4 Nc6 17. Nb3 cxb4 18. axb4 Nxb4 19. Qb1 Nc6 20. d4 e4 21. c4 Bf6 22. d5 Bxa1 23. Qxa1 Bf7 24. dxc6 Rxd1 25. Nxd1 Nd3 26. cxb7+ Kxb7 27. Be3 Ka8 28. Qa5 Qxa5 29. Nxa5 Rc8 30. Bd4 Bxc4 31. Ne3 Be6 32. g3 g5 33. Kg2 f4 34. gxf4 gxf4 35. Nd1 Rg8+ 36. Kh1 Bg4 37. h3 Bxd1 38. Nc4 Ne1 39. Nd6 Bf3+ 40. Kh2 Nd3 41. Nf5 Rd8 42. Bc3 Rc8 43. Bd4 Rc1 44. Bg2 Ne1 45. Nh4 Bxg2 46. Nxg2 Nf3# 0-1

[Event "GER-ch Rapid Women 2017"]
[Site "Erfurt"]
[Date "2017.07.29"]
[Round "4"]
[White "Rogozenco, Teodora"]
[Black "Kinzel, Tiffany"]
[Result "1-0"]
[ECO "A84"]
[WhiteElo "2169"]
[BlackElo "1755"]
[Annotator "NA"]
[PlyCount "61"]
[EventDate "2017.??.??"]
[EventType "swiss"]
[EventCountry "GER"]
[SourceTitle "playchess.com"]
[Source "ChessBase"]
[SourceQuality "1"]
[TimeControl "1200"]

1. d4 f5 2. c4 e6 3. Nc3 Nf6 4. Qc2 d5 5. Bf4 Bd6 6. Be5 O-O 7. O-O-O c6 8. e3 b6 9. h3 Ba6 10. g4 Ne4 11. gxf5 exf5 12. Bd3 Bxc4 13. Bxc4 Nxc3 14. Qxc3 dxc4 15. Qxc4+ Rf7 16. Nf3 Bf8 17. Rhg1 b5 18. Qb3 a5 19. Ng5 Raa7 20. Nxf7 Rxf7 21. Kb1 a4 22. Qe6 b4 23. d5 cxd5 24. Rxd5 Qh4 25. Bxb8 Qxf2 26. Rdd1 a3 27. Be5 Qf3 28. Bxg7 Qe4+ 29. Qxe4 fxe4 30. Be5+ Bg7 31. Rd8+ 1-0

[Event "GER-ch Rapid Women 2017"]
[Site "Erfurt"]
[Date "2017.07.29"]
[Round "4"]
[White "Zschischang, Marine"]
[Black "Michna, Marta"]
[Result "0-1"]
[ECO "C00"]
[WhiteElo "2057"]
[BlackElo "2377"]
[Annotator "NA"]
[PlyCount "115"]
[EventDate "2017.??.??"]
[EventType "swiss"]
[EventCountry "GER"]
[SourceTitle "playchess.com"]
[Source "ChessBase"]
[SourceQuality "1"]
[TimeControl "1200"]

1. e4 e6 2. c4 b6 3. Nc3 Bb7 4. d4 Bb4 5. f3 f5 6. exf5 Nh6 7. fxe6 dxe6 8. Be3 Nf5 9. Bf2 O-O 10. Nge2 Nc6 11. a3 Be7 12. d5 exd5 13. Qxd5+ Kh8 14. Qxd8 Raxd8 15. Nd5 Ne5 16. Nec3 Bd6 17. O-O-O c6 18. Ne3 Nh6 19. Ne4 Bc7 20. Be2 Ba6 21. b3 Ng6 22. g3 Bc8 23. Rxd8 Rxd8 24. Rd1 Re8 25. Ng2 Bf5 26. Bd3 Ne5 27. g4 Nxd3+ 28. Rxd3 Bxe4 29. fxe4 Nxg4 30. Bg3 Bxg3 31. hxg3 g6 32. Rd7 a6 33. Rd6 Ne5 34. Nf4 b5 35. c5 Kg8 36. Kd2 Kg7 37. Ne6+ Kg8 38. Nd4 Rc8 39. Re6 Nd7 40. Rxc6 Rxc6 41. Nxc6 Nxc5 42. e5 Nxb3+ 43. Kc3 Nc5 44. Kd4 Ne6+ 45. Kd5 Kf7 46. Nd4 Nxd4 47. Kxd4 Ke6 48. Ke4 a5 49. Kd4 b4 50. axb4 axb4 51. g4 b3 52. Kc3 Kxe5 53. Kxb3 Kf4 54. Kc3 Kxg4 55. Kd4 Kf3 56. Ke5 g5 57. Kf5 g4 58. Kf6 0-1

[Event "GER-ch Rapid Women 2017"]
[Site "Erfurt"]
[Date "2017.07.29"]
[Round "4"]
[White "Ries, Jutta"]
[Black "Fuchs, Judith"]
[Result "0-1"]
[ECO "A03"]
[WhiteElo "2051"]
[BlackElo "2285"]
[Annotator "NA"]
[PlyCount "50"]
[EventDate "2017.??.??"]
[EventType "swiss"]
[EventCountry "GER"]
[SourceTitle "playchess.com"]
[Source "ChessBase"]
[SourceQuality "1"]
[TimeControl "1200"]

1. f4 d5 2. Nf3 c5 3. b3 Nf6 4. Bb2 e6 5. e3 Be7 6. Bb5+ Bd7 7. Qe2 O-O 8. Bxd7 Nbxd7 9. O-O a6 10. d3 b5 11. Nbd2 Qb6 12. c4 bxc4 13. dxc4 a5 14. Kh1 a4 15. Ne5 Rfd8 16. Rfb1 a3 17. Bc1 Nxe5 18. fxe5 Nd7 19. cxd5 exd5 20. e4 Nxe5 21. exd5 Rxd5 22. Nc4 Nxc4 23. bxc4 Qe6 24. Qf1 Rf5 25. Qg1 Bf6 0-1

[Event "GER-ch Rapid Women 2017"]
[Site "Erfurt"]
[Date "2017.07.29"]
[Round "4"]
[White "Muetsch, Annmarie"]
[Black "Zahn, Alina"]
[Result "1-0"]
[ECO "C54"]
[WhiteElo "2049"]
[BlackElo "2025"]
[Annotator "NA"]
[PlyCount "131"]
[EventDate "2017.??.??"]
[EventType "swiss"]
[EventCountry "GER"]
[SourceTitle "playchess.com"]
[Source "ChessBase"]
[SourceQuality "1"]
[TimeControl "1200"]

1. e4 e5 2. Nf3 Nc6 3. Bc4 Bc5 4. c3 Nf6 5. d3 O-O 6. Nbd2 d5 7. exd5 Nxd5 8. Ne4 Be7 9. O-O Bg4 10. Ng3 Qd7 11. h3 Be6 12. Re1 f6 13. d4 exd4 14. Nxd4 Nxd4 15. Qxd4 Rad8 16. Qe4 Bf7 17. Nf5 Bc5 18. Qg4 Bg6 19. Ne3 Qxg4 20. hxg4 Bxe3 21. Bxe3 Kh8 22. Bc5 Rg8 23. Rad1 c6 24. Bxa7 Ra8 25. Bd4 Ra4 26. Bb3 Raa8 27. Bc5 Rge8 28. g3 h6 29. c4 Nc7 30. Bd6 Na6 31. a3 Rad8 32. c5 Kh7 33. Bc4 Nb8 34. f4 f5 35. gxf5 Bxf5 36. Kf2 Bg4 37. Rxe8 Rxe8 38. Re1 Rxe1 39. Kxe1 Nd7 40. b4 Kg6 41. Kf2 Bf5 42. Kf3 Kf6 43. g4 Bc2 44. Ke3 g5 45. fxg5+ Kxg5 46. Bf4+ Kg6 47. Be2 Nf6 48. Kd4 Ba4 49. Ke5 Nd5 50. Bd2 Bc2 51. Kd6 Ba4 52. Bf3 Nf6 53. Kc7 Bb5 54. Kxb7 h5 55. gxh5+ Nxh5 56. Bxc6 Bd3 57. b5 Nf6 58. Bc3 Ng8 59. Bd7 Ne7 60. b6 Kf7 61. c6 Be4 62. Bb4 Bd5 63. Bxe7 Kxe7 64. Kc7 Be4 65. b7 Bd5 66. b8=Q 1-0

[Event "GER-ch Rapid Women 2017"]
[Site "Erfurt"]
[Date "2017.07.29"]
[Round "4"]
[White "Daemering, Katrin"]
[Black "Bachmann, Sylvia"]
[Result "1-0"]
[ECO "B10"]
[WhiteElo "2033"]
[BlackElo "1677"]
[Annotator "NA"]
[PlyCount "59"]
[EventDate "2017.??.??"]
[EventType "swiss"]
[EventCountry "GER"]
[SourceTitle "playchess.com"]
[Source "ChessBase"]
[SourceQuality "1"]
[TimeControl "1200"]

1. e4 c6 2. Nc3 d5 3. Nf3 e6 4. d3 d4 5. Ne2 c5 6. Ng3 Nc6 7. Be2 e5 8. h3 Be7 9. O-O Nf6 10. Ne1 O-O 11. f4 exf4 12. Bxf4 Nd7 13. Nf3 f6 14. a3 Qb6 15. Rb1 a5 16. Qe1 Nde5 17. Nh4 Be6 18. Ngf5 Ba2 19. Qg3 g5 20. Bxe5 fxe5 21. Nxe7+ Nxe7 22. Qxg5+ Ng6 23. Ra1 Bf7 24. Nf5 Ra6 25. h4 Kh8 26. h5 Qxb2 27. hxg6 Rxg6 28. Qe7 Kg8 29. Qxe5 Qxc2 30. Ne7# 1-0

[Event "GER-ch Rapid Women 2017"]
[Site "Erfurt"]
[Date "2017.07.29"]
[Round "4"]
[White "Zimmer, Elke"]
[Black "Birkholz, Olga"]
[Result "0-1"]
[ECO "B00"]
[WhiteElo "1950"]
[BlackElo "2076"]
[Annotator "NA"]
[PlyCount "71"]
[EventDate "2017.??.??"]
[EventType "swiss"]
[EventCountry "GER"]
[SourceTitle "playchess.com"]
[Source "ChessBase"]
[SourceQuality "1"]
[TimeControl "1200"]

1. e4 b6 2. g3 Bb7 3. Bg2 c5 4. d3 g6 5. Nc3 Bg7 6. f4 e6 7. Nf3 Ne7 8. O-O d6 9. h3 O-O 10. Kh2 Nbc6 11. Ne2 Rb8 12. c3 d5 13. e5 d4 14. c4 a6 15. g4 Qc7 16. Ng3 b5 17. b3 f6 18. exf6 Bxf6 19. Ne4 Nd8 20. Nfd2 Bh4 21. Nf3 Bf6 22. Rb1 Bg7 23. Kg1 Ba8 24. Bd2 Nb7 25. Nfg5 Qd7 26. Qe2 h6 27. Nf3 Nc6 28. Rbe1 Nb4 29. Bxb4 cxb4 30. c5 Rbc8 31. Rc1 Rxf4 32. c6 Rxc6 33. Rxc6 Qxc6 34. Nh4 Rxf1+ 35. Qxf1 Qe8 36. Nf6+ 0-1

[Event "GER-ch Rapid Women 2017"]
[Site "Erfurt"]
[Date "2017.07.29"]
[Round "4"]
[White "Mader, Lena"]
[Black "Yueksel, Anja"]
[Result "1-0"]
[ECO "A09"]
[WhiteElo "1880"]
[BlackElo "1472"]
[Annotator "NA"]
[PlyCount "71"]
[EventDate "2017.??.??"]
[EventType "swiss"]
[EventCountry "GER"]
[SourceTitle "playchess.com"]
[Source "ChessBase"]
[SourceQuality "1"]
[TimeControl "1200"]

1. Nf3 d5 2. c4 dxc4 3. Qa4+ Nc6 4. Qxc4 Nf6 5. g3 e6 6. Bg2 Qd7 7. O-O Be7 8. d3 O-O 9. b3 a6 10. Bb2 b5 11. Qc2 Bb7 12. a3 Rac8 13. Nbd2 Rfd8 14. Rac1 Qd6 15. Ng5 h6 16. Nge4 Nxe4 17. Nxe4 Qd7 18. Nc5 Bxc5 19. Qxc5 Qd6 20. Bxc6 Bxc6 21. Qxc6 Qxc6 22. Rxc6 a5 23. Rfc1 Rd7 24. Be5 b4 25. axb4 axb4 26. Rxc7 Rdxc7 27. Rxc7 Ra8 28. Rb7 f6 29. Bd6 Ra2 30. e3 Rd2 31. d4 e5 32. dxe5 fxe5 33. Bxe5 Rd5 34. Bd4 Kh7 35. Rxg7+ Kh8 36. Rd7+ 1-0

[Event "GER-ch Rapid Women 2017"]
[Site "Erfurt"]
[Date "2017.07.29"]
[Round "4"]
[White "Ganser, Ganokorn"]
[Black "Hess, Olena"]
[Result "0-1"]
[ECO "A41"]
[WhiteElo "1698"]
[BlackElo "2094"]
[Annotator "NA"]
[PlyCount "81"]
[EventDate "2017.??.??"]
[EventType "swiss"]
[EventCountry "GER"]
[SourceTitle "playchess.com"]
[Source "ChessBase"]
[SourceQuality "1"]
[TimeControl "1200"]

1. d4 d6 2. c4 e5 3. Nc3 exd4 4. Qxd4 Nc6 5. Qd2 Be6 6. b3 Nf6 7. Bb2 d5 8. cxd5 Nxd5 9. e4 Nxc3 10. Bxc3 Qxd2+ 11. Bxd2 Nb4 12. O-O-O Nxa2+ 13. Kb2 Nb4 14. Bc3 Rd8 15. Rxd8+ Kxd8 16. Nf3 f6 17. Bb5 Nc6 18. Bxc6 bxc6 19. Nd4 Bd7 20. Rd1 Kc8 21. b4 c5 22. bxc5 Bxc5 23. f3 Re8 24. Nb3 Bb6 25. Nd2 Be6 26. Rc1 Kb7 27. Ka3 Rd8 28. Rb1 Rd3 29. Kb2 c6 30. Kc2 Rd8 31. Nb3 Kc7 32. Nd2 a5 33. Nf1 a4 34. Nd2 Ra8 35. Ra1 Bc5 36. Nb1 a3 37. Kd3 Bb3 38. Nd2 Rd8+ 39. Ke2 Ba4 40. Nc4 Bb5 41. Ba5+ 0-1

[Event "GER-ch Rapid Women 2017"]
[Site "Erfurt"]
[Date "2017.07.29"]
[Round "5"]
[White "Michna, Marta"]
[Black "Ries, Jutta"]
[Result "1-0"]
[ECO "A45"]
[WhiteElo "2377"]
[BlackElo "2051"]
[Annotator "NA"]
[PlyCount "110"]
[EventDate "2017.??.??"]
[EventType "swiss"]
[EventCountry "GER"]
[SourceTitle "playchess.com"]
[Source "ChessBase"]
[SourceQuality "1"]
[TimeControl "1200"]

1. d4 Nf6 2. Bg5 d5 3. Bxf6 exf6 4. e3 Bd6 5. g3 Bf5 6. Nd2 c6 7. Bg2 Qd7 8. a3 Na6 9. c4 dxc4 10. Nxc4 Nc7 11. Ne2 Be7 12. Qb3 Nb5 13. O-O O-O 14. Nf4 Nd6 15. Nd2 Qc7 16. Rac1 Qb6 17. Qa2 Rfe8 18. Ne2 Rad8 19. Nc3 Nb5 20. Nc4 Qa6 21. Nxb5 cxb5 22. Nd2 Bd3 23. Rfd1 Rc8 24. Bd5 Bg6 25. Qb3 b4 26. axb4 Qb6 27. b5 a6 28. bxa6 Qxb3 29. Nxb3 bxa6 30. e4 Bb4 31. f3 h5 32. Kf2 Rb8 33. Rc2 f5 34. e5 f4 35. Re2 fxg3+ 36. hxg3 Red8 37. Be4 Bxe4 38. Rxe4 Be7 39. Rd3 Rb4 40. d5 Rb7 41. d6 Bf8 42. f4 g6 43. Re2 Bh6 44. Nc5 Rb4 45. Nxa6 Ra4 46. Nc5 Rb4 47. Ne4 h4 48. Nf6+ Kg7 49. Nd5 hxg3+ 50. Kxg3 Rb5 51. b4 Rdb8 52. Kf3 Ra8 53. Rh2 g5 54. f5 g4+ 55. Kxg4 Ra4 1-0

[Event "GER-ch Rapid Women 2017"]
[Site "Erfurt"]
[Date "2017.07.29"]
[Round "5"]
[White "Fuchs, Judith"]
[Black "Mader, Manuela"]
[Result "1/2-1/2"]
[ECO "D00"]
[WhiteElo "2285"]
[BlackElo "2203"]
[Annotator "NA"]
[PlyCount "85"]
[EventDate "2017.??.??"]
[EventType "swiss"]
[EventCountry "GER"]
[SourceTitle "playchess.com"]
[Source "ChessBase"]
[SourceQuality "1"]
[TimeControl "1200"]

1. d4 d5 2. Bf4 Nf6 3. e3 c5 4. c3 Nc6 5. Nd2 Bf5 6. Ngf3 e6 7. Bb5 Qb6 8. Qa4 Nd7 9. O-O Be7 10. Bxc6 bxc6 11. c4 O-O 12. cxd5 exd5 13. Rfc1 Rfc8 14. b3 Bf8 15. h3 Bd3 16. Ne5 Nf6 17. Bg5 Bb5 18. dxc5 Bxc5 19. Qf4 Be7 20. Ng4 Nh5 21. Qe5 Ba3 22. Rd1 Be2 23. Bh4 Bxd1 24. Rxd1 Qb5 25. Qxh5 Qd3 26. Qxf7+ Kxf7 27. Ne5+ Ke6 28. Nxd3 Bd6 29. Nf3 h6 30. Nd4+ Kd7 31. Rc1 c5 32. Nf5 Bf8 33. Bg3 g5 34. h4 Ke6 35. Nxc5+ Kxf5 36. b4 a5 37. a3 axb4 38. axb4 Ra7 39. hxg5 hxg5 40. Rd1 Bxc5 41. Rxd5+ Ke6 42. Re5+ Kf6 43. f4 {[%emt 0:00:14] Kxe5} 1/2-1/2

[Event "GER-ch Rapid Women 2017"]
[Site "Erfurt"]
[Date "2017.07.29"]
[Round "5"]
[White "Hess, Olena"]
[Black "Rogozenco, Teodora"]
[Result "1-0"]
[ECO "E97"]
[WhiteElo "2094"]
[BlackElo "2169"]
[Annotator "NA"]
[PlyCount "81"]
[EventDate "2017.??.??"]
[EventType "swiss"]
[EventCountry "GER"]
[SourceTitle "playchess.com"]
[Source "ChessBase"]
[SourceQuality "1"]
[TimeControl "1200"]

1. Nf3 Nf6 2. c4 g6 3. Nc3 Bg7 4. e4 d6 5. d4 O-O 6. Be2 e5 7. O-O Nc6 8. d5 Ne7 9. Qc2 Nd7 10. Rd1 f5 11. Ng5 Nc5 12. b4 Nxe4 13. Ncxe4 fxe4 14. Qxe4 Nf5 15. Bg4 Nd4 16. Ne6 Nxe6 17. Bxe6+ Bxe6 18. dxe6 c6 19. Be3 Qe7 20. b5 Qxe6 21. bxc6 bxc6 22. Qxc6 Rfc8 23. Qxd6 Qxd6 24. Rxd6 Rxc4 25. Ra6 Rac8 26. g3 e4 27. Rd1 R8c7 28. Rd8+ Kf7 29. Ra8 Bd4 30. Bxd4 Rxd4 31. R8xa7 Rxa7 32. Rxa7+ Ke6 33. a4 Rd1+ 34. Kg2 Ra1 35. a5 Ra2 36. Kf1 e3 37. fxe3 Rxh2 38. a6 Ra2 39. Ra8 h5 40. a7 Kf7 41. Rh8 1-0

[Event "GER-ch Rapid Women 2017"]
[Site "Erfurt"]
[Date "2017.07.29"]
[Round "5"]
[White "Birkholz, Olga"]
[Black "Ganser, Ganokorn"]
[Result "0-1"]
[ECO "B08"]
[WhiteElo "2076"]
[BlackElo "1698"]
[Annotator "NA"]
[PlyCount "118"]
[EventDate "2017.??.??"]
[EventType "swiss"]
[EventCountry "GER"]
[SourceTitle "playchess.com"]
[Source "ChessBase"]
[SourceQuality "1"]
[TimeControl "1200"]

1. d4 Nf6 2. Nf3 g6 3. Nc3 Bg7 4. e4 d6 5. h3 O-O 6. Be3 c6 7. g4 b5 8. g5 Nfd7 9. a3 a6 10. Qd2 Qa5 11. Bg2 Bb7 12. O-O Qd8 13. Rad1 Nb6 14. b3 N8d7 15. Ne2 c5 16. Ng3 Qc7 17. c3 Rac8 18. Rc1 Rfd8 19. h4 Qb8 20. Bh3 e6 21. Qe2 cxd4 22. Bxd4 e5 23. Bxb6 Nxb6 24. Bxc8 Bxc8 25. Qe3 Nd7 26. Rcd1 Bf8 27. Nh2 Nc5 28. b4 Na4 29. f4 Qb6 30. Qxb6 Nxb6 31. fxe5 Nc4 32. Rd3 Nxe5 33. Rd4 Bh3 34. Rfd1 Rc8 35. Ne2 Nc4 36. Nf4 Bd7 37. Nd5 Bg7 38. Nf6+ Bxf6 39. gxf6 Re8 40. Kf2 h5 41. Ra1 Bc6 42. Re1 Re6 43. Nf3 Rxf6 44. Kg3 Re6 45. Ng5 Re7 46. Nf3 Kg7 47. Kf4 Bb7 48. a4 Re6 49. axb5 axb5 50. Ra1 Rf6+ 51. Kg3 Bc8 52. Ra8 Bg4 53. Nh2 Be6 54. Rb8 Bd7 55. Nf3 Bg4 56. Ng5 Bd7 57. Rb7 Bc6 58. Rc7 Ba8 59. Ra7 Nb6 0-1